 Dungeon Crawl Stone Soup version 0.31-a0-263-ge8cad7f256 (webtiles) character file.

Game seed: 1584961916715580688

118 qw the Shooter (level 4, -2/36 HPs)
             Began as a Minotaur Hexslinger on July 13, 2023.
             Slain by a cerulean imp
             ... wielding a +0 spear
             ... summoned by Natasha
              (6 damage)
             ... on level 2 of the Dungeon.
             The game lasted 00:00:40 (1649 turns).

qw the Shooter (Minotaur Hexslinger)                Turns: 1649, Time: 00:00:41

Health: -2/36      AC:  0    Str: 12    XL:     4   Next: 72%
Magic:  4/4        EV: 14    Int: 10    God:
Gold:   124        SH:  0    Dex: 15    Spells: 4/5 levels left

rFire   . . .        Y - melded +2 sling
rCold   . . .        (shield currently unavailable)
rNeg    . . .        k - melded +0 ring mail
rPois   .            (helmet currently unavailable)
rElec   .            (cloak currently unavailable)
rCorr   .            (gloves currently unavailable)
SInv    .            (boots currently unavailable)
Will    .....        (no amulet)
Stlth   +            f - melded ring of protection from cold
HPRegen 0.26/turn    (ring currently unavailable)
MPRegen 0.09/turn

%: no passive effects
@: pig-form (expiring), very quick
A: fast, no casting, small, (horns 2), (retaliatory headbutt)
a: no special abilities


You were on level 2 of the Dungeon.
You were a filthy swine.
You visited 1 branch of the dungeon, and saw 2 of its levels.

You collected 124 gold pieces.


Innate Abilities, Weirdness & Mutations

You are a filthy swine.
You move quickly.
Your equipment is almost entirely melded.
You are incapable of wielding weapons or throwing items.
You cannot cast spells.
((You have a pair of horns on your head.))
((You reflexively headbutt those who attack you in melee.))


   Skills:
 - Level 2.0 Fighting
 + Level 4.9 Ranged Weapons
 - Level 1.8 Armour
 - Level 2.1 Dodging
 - Level 1.0 Spellcasting
 - Level 2.0 Hexes


You had 4 spell levels left.
You knew the following spells:

 Your Spells              Type           Power      Damage    Failure   Level
a - Slow                  Hex            16%        N/A       16%         1

Your spell library contained the following spells:

 Spells                   Type           Power      Damage    Failure   Level
 Inner Flame              Hex/Fire       2%         N/A       56%         3
 Portal Projectile        Hex/Tloc       4%         N/A       56%         3
 Cause Fear               Hex            2%         N/A       83%         4

Inventory:

Hand Weapons
 Y - a +2 sling (melded)
Armour
 k - a +0 ring mail (melded)
Jewellery
 e - a +4 ring of protection
 f - a ring of protection from cold (melded)
 g - a ring of protection from fire
Scrolls
 b - a scroll of revelation {unknown}
Potions
 a - a potion of resistance {unknown}
 c - a potion of invisibility {unknown}
 d - a potion of heal wounds {unknown}
 h - a potion of curing {unknown}

Dungeon Overview and Level Annotations

Branches:
Dungeon (2/15)

Altars:

Annotations:
D:2 1 runed translucent door, Crazy Yiuf, Natasha


Message History

1636 ||| FLEEEEING.
Natasha barely misses you.
The cerulean imp hits you with a +0 spear.
1637 ||| FLEEEEING.
Natasha mumbles some strange words.
1638 ||| FLEEEEING.
The cerulean imp misses you.
1639 ||| FLEEEEING.
The cerulean imp closely misses you.
1640 ||| FLEEEEING.
Natasha barely misses you. The cerulean imp closely misses you.
1641 ||| FLEEEEING.
The cerulean imp misses you. Natasha claws you.
The cerulean imp hits you from afar with a +0 spear.
1642 ||| FLEEEEING.
The cerulean imp completely misses you.
1643 ||| FLEEEEING.
Natasha barely misses you. The cerulean imp barely misses you.
The cerulean imp hits you from afar with a +0 spear.
1644 ||| FLEEEEING.
Your transformation is almost over.
Natasha barely misses you.
The cerulean imp hits you from afar with a +0 spear.
1645 ||| FLEEEEING.
The cerulean imp hits you from afar with a +0 spear.
1646 ||| FLEEEEING.
Natasha closely misses you. The cerulean imp closely misses you.
The cerulean imp barely misses you.
1647 ||| FLEEEEING.
Natasha claws you!
The cerulean imp hits you from afar with a +0 spear.
1648 ||| FLEEEEING.
The cerulean imp hits you with a +0 spear.
Natasha misses you.
The cerulean imp hits you from afar with a +0 spear.
1649 ||| FLEEEEING.
The cerulean imp attacks as you move away!
The cerulean imp barely misses you.
The cerulean imp hits you from afar with a +0 spear.
You die...

########## #####
###........###...#######
#..<..#...h....#........
##.#.#...##5###...#######
.......5.##.# ##.........
#.#....h.#.####.########
#.# ##......h.5........#
# #..
..........#.####.#.# #.#
###.....##.# #.#.#####
#.# #.##.###.# #.#.....#
#.#
#....###.####..####.##
#.##
#...........#....#....
#..#
#........##.#.........
#####..#
###.#######.##.#....##
#......# #.# #.#....###.#


You could see Natasha and 2 cerulean imps.

Vanquished Creatures
  Terence (D:2)
  Natasha (twice) (D:2)
  A dart slug (D:1)
  4 ball pythons
  6 bats
  5 endoplasms (D:1)
  2 giant cockroaches (D:2)
  5 goblins
  4 hobgoblins
  2 jackals (D:1)
  A quokka (D:1)
  3 kobolds (D:1)
  4 rats
40 creatures vanquished.

Notes
Turn   | Place    | Note
-------+----------+-------------------------------------------
     0 | D:1      | qw the Minotaur Hexslinger began the quest for the Orb.
     0 | D:1      | Reached XP level 1. HP: 16/16 MP: 1/1
     0 | D:1      | 0 ||| qw: Version: 0.3-a-52-g30416fa
     0 | D:1      | 0 ||| qw: Game counter: 7365
     0 | D:1      | 0 ||| qw: Melee chars always use a shield: true
     0 | D:1      | 0 ||| qw: God list: Okawaru
     0 | D:1      | 0 ||| qw: Allow faded altars: false
     0 | D:1      | 0 ||| qw: Do Orc after clearing Dungeon:15 true
     0 | D:1      | 0 ||| qw: Do second Lair branch before Depths: true
     0 | D:1      | 0 ||| qw: Lair rune preference: random
     0 | D:1      | 0 ||| qw: Goals: Normal
     0 | D:1      | 0 ||| PLANNING D:1-11
   114 | D:1      | Reached skill level 3 in Ranged Weapons
   132 | D:1      | Reached XP level 2. HP: 23/23 MP: 2/2
   459 | D:1      | Reached XP level 3. HP: 29/29 MP: 3/3
   652 | D:1      | 652 ||| UPGRADING to +0 ring mail.
   662 | D:1      | 662 ||| DROPPING +0 robe.
   663 | D:1      | 663 ||| DROPPING ring of flight.
   664 | D:1      | 664 ||| UPGRADING to ring of protection from cold.
   665 | D:1      | 665 ||| READING scroll labelled MAIFAS ONAEZ.
   666 | D:1      | 666 ||| READING scroll labelled QOUBABBONA.
   667 | D:1      | 667 ||| READING scroll labelled OWKA NALAORGHASS.
   668 | D:1      | 668 ||| READING scroll labelled EMAAXE AHOUGEM.
   669 | D:1      | 669 ||| READING scroll labelled INUAZI NIURPH.
   720 | D:1      | 720 ||| DROPPING scroll of poison.
   807 | D:2      | Identified the +5 mace "Amparaup" {antimagic, Str+2 Stlth+}
  1070 | D:2      | Noticed Terence
  1079 | D:2      | Killed Terence
  1080 | D:2      | Reached skill level 4 in Ranged Weapons
  1168 | D:2      | Reached XP level 4. HP: 36/36 MP: 4/4
  1304 | D:2      | Found a runed translucent door.
  1305 | D:2      | Noticed Crazy Yiuf
  1384 | D:2      | Noticed Natasha
  1386 | D:2      | 1386 ||| Stepping ~*~*~tactically~*~*~ (outnumbered).
  1397 | D:2      | HP: 5/36 [cerulean imp/+3 spear[Natasha] (6)]
  1401 | D:2      | Killed Natasha
  1402 | D:2      | Reached skill level 1 in Armour
  1605 | D:2      | Noticed Natasha
  1608 | D:2      | Killed Natasha
  1626 | D:2      | Noticed Natasha
  1629 | D:2      | 1629 ||| Stepping ~*~*~tactically~*~*~ (outnumbered).
  1631 | D:2      | 1631 ||| Stepping ~*~*~tactically~*~*~ (outnumbered).
  1633 | D:2      | 1633 ||| FLEEEEING.
  1634 | D:2      | 1634 ||| FLEEEEING.
  1635 | D:2      | 1635 ||| FLEEEEING.
  1636 | D:2      | 1636 ||| FLEEEEING.
  1637 | D:2      | 1637 ||| FLEEEEING.
  1638 | D:2      | 1638 ||| FLEEEEING.
  1639 | D:2      | 1639 ||| FLEEEEING.
  1640 | D:2      | 1640 ||| FLEEEEING.
  1641 | D:2      | 1641 ||| FLEEEEING.
  1642 | D:2      | 1642 ||| FLEEEEING.
  1643 | D:2      | 1643 ||| FLEEEEING.
  1644 | D:2      | 1644 ||| FLEEEEING.
  1645 | D:2      | 1645 ||| FLEEEEING.
  1646 | D:2      | 1646 ||| FLEEEEING.
  1647 | D:2      | 1647 ||| FLEEEEING.
  1647 | D:2      | HP: 9/36 [cerulean imp/+0 spear[Natasha] (5)]
  1648 | D:2      | 1648 ||| FLEEEEING.
  1648 | D:2      | HP: 3/36 [cerulean imp/+0 spear[Natasha] (2)]
  1649 | D:2      | 1649 ||| FLEEEEING.
  1649 | D:2      | Slain by a cerulean imp

Levels and vault maps discovered:
D:1:      dpeg_arrival_lava_temple_mockup, layout_basic
D:2:      layout_loops_ring, uniq_terence, uniq_crazy_yiuf_cottage, uniq_natasha

Skill      XL: |  1  2  3  4 |
---------------+-------------+-----
Ranged Weapons | 3 4 |  4.9
Fighting       | 2 |  2.0
Armour         | 1 |  1.8
Dodging        | |  2.1
Spellcasting   | |  1.0
Hexes          | |  2.0

Action                     |  1- 3 |  4- 6 || total
---------------------------+-------+-------++-------
   Fire: Sling             |   124 |    26 ||   150
    Use: Scroll            |     5 |       ||     5
 Armour: Robe              |     5 |       ||     5
         Ring mail         |     9 |     5 ||    14
  Dodge: Dodged            |    33 |    28 ||    61

Table legend:
 A = Non-vault XP
 B = Vault XP
 C = Vault XP percentage of total XP
 D = Non-vault monster count
 E = Vault monster count
 F = Vault count percentage of total count
                 A         B        C        D         E       F
            +---------+---------+-------+---------+---------+-------
      Total |      98 |      71 |  42.0 |      38 |       2 |   5.0
            +---------+---------+-------+---------+---------+-------
        D:1 |      43 |       0 |   0.0 |      25 |       0 |   0.0
        D:2 |      55 |      71 |  56.3 |      13 |       2 |  13.3
            +---------+---------+-------+---------+---------+-------
